 Dungeon Crawl Stone Soup version 0.31-a0-590-g8a5a4361df (webtiles) character file.

Game seed: 16623117927039557223

132 Sabo the Trooper (level 4, -1/37 HPs)
             Began as a Demonspawn Fighter on Aug 18, 2023.
             Slain by an orc
             ... wielding a +0 hand axe
              (2 damage)
             ... on level 3 of the Dungeon on Aug 19, 2023.
             The game lasted 00:11:36 (2303 turns).

Sabo the Trooper (Demonspawn Fighter)               Turns: 2303, Time: 00:11:37

Health: -1/37      AC: 13    Str: 18    XL:     4   Next: 92%
Magic:  4/4        EV:  5    Int:  9    God:
Gold:   127        SH:  4    Dex: 13    Spells: 3/3 levels left

rFire   . . .        f - +3 long sword (elec)
rCold   . . .        c - +0 buckler
rNeg    . . .        m - +0 plate armour
rPois   .            (helmet restricted)
rElec   .            (no cloak)
rCorr   .            (no gloves)
SInv    .            (no boots)
Will    .....        (no amulet) Stlth
                     (no ring)
HPRegen 0.26/turn    (no ring)
MPRegen 0.09/turn

%: no passive effects
@: mighty
A: horns 1, molten scales 1
a: no special abilities


You were on level 3 of the Dungeon.
You visited 1 branch of the dungeon, and saw 3 of its levels.

You collected 127 gold pieces.

Inventory:

Hand Weapons
 a - a +0 war axe
 f - a +3 long sword of electrocution (weapon)
 p - a +0 sling
Missiles
 g - 5 boomerangs (quivered)
 i - 6 javelins
 r - 12 poisoned darts
Armour
 c - a +0 buckler (worn)
 m - a +0 plate armour (worn)
Scrolls
 h - a scroll of fear
 l - a scroll of fog {unknown}
 o - a scroll of silence {unknown}
Potions
 b - a potion of enlightenment {unknown}
 j - a potion of brilliance {unknown}
 n - a potion of attraction {unknown}
 q - a potion of haste {unknown}


   Skills:
 + Level 3.8 Fighting
 + Level 2.2 Long Blades
 + Level 2.0 Axes
 + Level 3.3 Armour
 + Level 0.2 Dodging
 + Level 3.1 Shields


You had 3 spell levels left.
You didn't know any spells.
Your spell library contained the following spells:

 Spells                   Type           Power      Damage    Failure   Level
 Wereblood                Tmut           0%         N/A       100%        2
 Volatile Blastmotes      Fire/Tloc      0%         2d10      100%        3
 Fulminant Prism          Conj/Hex       0%         3d5       100%        4
 Iskenderun's Mystic Bla  Conj/Tloc      0%         2d3       100%        4
 Irradiate                Conj/Tmut      0%         3d11      100%        5


Dungeon Overview and Level Annotations

Branches:
Dungeon (3/15)

Altars:


Innate Abilities, Weirdness & Mutations

You have a pair of small horns on your head.
You are partially covered in molten scales. (AC +2)


Message History

You headbutt the orc, but do no damage. The orc hits you but does no damage.
You slash the orc wizard!
Lightning courses through the orc wizard!
You headbutt the orc wizard.
You kill the orc wizard!
The orc completely misses you.
Your Long Blades skill increases to level 2!
You hit the orc. Your headbutt misses the orc.
The orc is heavily wounded.
The orc hits you with a +0 flail. The orc hits you but does no damage. x2
The orc hits you with a +0 flail. The orc barely misses you.
You slash the orc! Lightning courses through the orc!
You kill the orc!
The orc hits you but does no damage. x2
You closely miss the orc. Your headbutt misses the orc.
The orc hits you but does no damage. The orc hits you with a +0 flail!
You block the orc's attack.
You barely miss the orc. You headbutt the orc.
The orc is lightly wounded.
The orc hits you with a +0 flail. The orc barely misses you.
The orc hits you but does no damage.
You completely miss the orc.
The orc is lightly wounded.
The orc hits you with a +0 flail. The orc hits you but does no damage.
You block the orc's attack. The orc hits you but does no damage.
You block the orc's attack. The orc hits you but does no damage.
You hit the orc.
The orc is heavily wounded.
The orc hits you with a +0 flail.
* * * LOW HITPOINT WARNING * * *
The orc hits you with a +0 hand axe.
* * * LOW HITPOINT WARNING * * *
The orc hits you but does no damage.
You feel very mighty all of a sudden.
The orc hits you but does no damage. x2; The orc hits you with a +0 hand axe.
* * * LOW HITPOINT WARNING * * *
You slash the orc! Lightning courses through the orc!!
You kill the orc!
The orc hits you but does no damage. The orc hits you with a +0 hand axe.
You die...

#>......#
#...#....
##.###.## # #
..#.## ### .##
##.#..# ##### #..
... ......#
#.....#.##.##.#
......#
#.....#.......#
......#
#......oo..#...
......# #@# ...#
......# #)##..o.#
......# #.......#
....<.# #.#####.#
......#
##.......#
##†####
#..).....#
......#######
#.########
##.##....>..# #.#
##.##.#####.###.#


You could see 2 orcs.

Vanquished Creatures
  An orc wizard (D:3)
  6 adders (D:2)
  2 dart slugs (D:2)
  3 orcs (D:3)
  3 endoplasms
  7 giant cockroaches
  6 goblins
  4 hobgoblins
  A quokka (D:2)
  4 ball pythons (D:1)
  2 bats
  3 frilled lizards
  4 kobolds (D:1)
  5 rats
51 creatures vanquished.

Notes
Turn   | Place    | Note
-------+----------+-------------------------------------------
     0 | D:1      | Sabo the Demonspawn Fighter began the quest for the Orb.
     0 | D:1      | Reached XP level 1. HP: 18/18 MP: 1/1
   374 | D:1      | Gained mutation: You have a pair of small horns on your
                  | head. [demonic ancestry]
   374 | D:1      | Reached XP level 2. HP: 13/24 MP: 2/2
  1154 | D:2      | Reached XP level 3. HP: 20/29 MP: 3/3
  1549 | D:2      | Found a faded altar of an unknown god.
  1559 | D:2      | Reached skill level 1 in Long Blades
  1806 | D:2      | Gained mutation: You are partially covered in molten
                  | scales. (AC +2) [demonic ancestry]
  1806 | D:2      | Reached XP level 4. HP: 35/35 MP: 4/4
  2209 | D:2      | Upgraded the game from 0.31-a0-574-g69dc8cc98e to
                  | 0.31-a0-590-g8a5a4361df
  2302 | D:3      | HP: 1/37 [orc/+0 hand axe (3)]
  2303 | D:3      | Slain by an orc

Illustrated notes

Levels and vault maps discovered:
D:1:      roderic_octagonal_star, layout_loops_corners, minmay_heptomino_h4
D:2:      layout_basic, basic_ecumenical_altar
D:3:      layout_loops_cross, serial_shops, nicolae_shop_stone, shop

Skill      XL: |  1  2  3  4 |
---------------+-------------+-----
Armour         | 3 |  3.3
Axes           | 2 |  2.0
Long Blades    | 1 2 |  2.2
Shields        | 3 |  3.1
Fighting       | |  3.8
Dodging        | |  0.2

Action                     |  1- 3 |  4- 6 || total
---------------------------+-------+-------++-------
  Melee: War axe           |    19 |       ||    19
         Long sword        |    68 |    40 ||   108
         Headbutt          |     3 |     6 ||     9
    Use: Scroll            |       |     4 ||     4
         Potion            |       |     1 ||     1
 Armour: Scale mail        |    23 |       ||    23
         Plate armour      |    23 |    47 ||    70
  Dodge: Dodged            |    36 |     9 ||    45
  Block: Buckler           |    16 |    14 ||    30

Table legend: (Time is in decaauts)
 A = Elapsed time spent in this place.
 B = Non-inter-level travel time spent in this place.
 C = Inter-level travel time spent in this place.
 D = Time resting spent in this place.
 E = Time spent auto-exploring this place.
 F = Levels seen in this place.
 G = Mean time per level.
                   A        B        C        D        E       F      G
               +--------+--------+--------+--------+--------+-----+--------+
         Total |   2353 |   2353 |      0 |    187 |      0 |   3 |  784.3 |
       Dungeon |   2353 |   2353 |      0 |    187 |      0 |   3 |  784.3 |
               +--------+--------+--------+--------+--------+-----+--------+

Top non-repeatable levels by time:
     D:2: 1153 daAuts
     D:1: 1102 daAuts
     D:3: 97 daAuts
